 Dungeon Crawl Stone Soup version 0.20.1-1-g8b1a95d66d (webtiles) character file.

158 HessuHobo the Insei (level 5, -1/41 HPs)
             Began as a Draconian Transmuter on Nov 15, 2017.
             Was an Initiate of Okawaru.
             Slain by endorz's ghost (6 damage)
             ... on level 3 of the Dungeon.
             The game lasted 00:12:25 (3275 turns).

HessuHobo the Insei (Draconian Transmuter)          Turns: 3275, Time: 00:12:26

Health: -1/41      AC:  6    Str: 12    XL:     5   Next: 16%
Magic:  0/7        EV: 13    Int: 14    God:    Okawaru [......]
Gold:   196        SH:  0    Dex: 12    Spells: 5/8 levels left

rFire    . . .     SeeInvis .     - Unarmed
rCold    . . .     Gourm    .   (no shield)
rNeg     . . .     Faith    .   (armour unavailable)
rPois    +         Spirit   .   (helmet restricted)
rElec    .         Reflect  .   (no cloak)
rCorr    .         Harm     .   h - +0 pair of gloves
MR       .....     Clarity  +   (no boots) Stlth +.........Rnd*Tele +
                                (no amulet)
Regen    0.2/turn               l - ring of poison resistance
MPRegen  0.1/turn               (no ring)

@: about to teleport, appendage
A: unfitting armour, horns 2, clarity, low mp 1, teleportitis 2, cold-blooded,
AC +5
a: End Transformation, Renounce Religion


You were on level 3 of the Dungeon.
You worshipped Okawaru.
Okawaru was noncommittal.
You were not hungry.
You had grown temporary horns.
You visited 1 branch of the dungeon, and saw 3 of its levels.

You collected 196 gold pieces.

Inventory:

Missiles
 a - 29 arrows
Armour
 h - a +0 pair of gloves (worn)
Jewellery
 l - a ring of poison resistance (left hand)
Scrolls
 d - a scroll of magic mapping
 j - a scroll of noise
 k - a scroll of enchant weapon
 n - a scroll of identify
Potions
 e - a potion of resistance
 t - a potion of mutation
Books
 b - a book of Changes

   Spells                             Type                      Level
   a - Beastly Appendage              Transmutation                1
   b - Sticks to Snakes               Transmutation                2
   c - Spider Form                    Transmutation/Poison         3
   d - Ice Form                       Ice/Transmutation            4
   e - Blade Hands                    Transmutation                5
Comestibles
 c - 2 bread rations
 f - 2 meat rations
 i - 13 fruits
 m - a royal jelly


   Skills:
 + Level 1.9 Fighting
 + Level 2.8 Dodging
 - Level 0.6 Stealth
 + Level 4.3 Unarmed Combat
 + Level 2.3 Spellcasting
 * Level 2.6 Transmutations


You had 5 spell levels left.
You knew the following spells:

 Your Spells              Type           Power        Failure   Level  Hunger
a - Beastly Appendage     Tmut           #.....       8%          1    #......
b - Sticks to Snakes      Tmut           #.......     12%         2    ###....


Dungeon Overview and Level Annotations

Branches:
Dungeon (3/15)

Altars:
Makhleb
Okawaru
Trog

Annotations:
D:3 Natasha; endorz's ghost, amateur MfGl


Innate Abilities, Weirdness & Mutations

Your plain brown scales are hard. (AC +5)
You cannot fit into any form of body armour.
You are cold-blooded and may be slowed by cold attacks.
You have a pair of horns on your head.
You possess an exceptional clarity of mind.
Your magical capacity is low. (-10% MP)
You are sometimes teleported next to monsters.


Message History

Natasha, Servant of Life and Death comes into view.
Endorz's ghost hits you.
Your ball python barely misses endorz's ghost.
Natasha mumbles some strange words.
Your adder closely misses endorz's ghost.
You closely miss endorz's ghost. You headbutt endorz's ghost.
Your tail-slap misses endorz's ghost.
Endorz's ghost is lightly damaged.
Endorz's ghost hits you.
You are electrocuted!
* * * LOW HITPOINT WARNING * * *
Your ball python barely misses endorz's ghost.
Your ball python completely misses endorz's ghost.
Your adder misses endorz's ghost.
Okay, then.
As you read the scroll of teleportation, it crumbles to dust.
You feel strangely unstable.
Your ball python closely misses endorz's ghost.
Your ball python bites endorz's ghost but does no damage.
Endorz's ghost hits you.
You die...

##..#..........#
###÷#..........#
...............#
...............#
.†.............###########*
....#.##'#####............#
....#.##.# #÷...........#
....#..#.#
#..SSS.......#####
....##.#.#
#..@W............#
######.#.#
#........5....##.# #...#
#....)...h....#..# ##..#
#.............#..## #..#
#[............#<..# #..#
#...............#.## ##.#
#..........(.......# #>#
####'####......##### ###.#
#.# #.####......


You could see an iron imp, Natasha, endorz's ghost, a friendly adder and 2
friendly ball pythons.

Vanquished Creatures
  Natasha (D:3)
  4 adders
  4 worms
  A dart slug (D:1)
  2 leopard geckos (D:2)
  4 ball pythons
  4 giant cockroaches
  8 goblins
  8 hobgoblins
  8 jackals
  2 quokkas
  7 bats
  6 frilled lizards
  7 kobolds
  5 rats
71 creatures vanquished.

Vanquished Creatures (collateral kills)
  An adder (D:2)
  2 hobgoblins
  A jackal (D:2)
  A kobold (D:2)
  A bat (D:2)
  A goblin (D:2)
7 creatures vanquished.

Grand Total: 78 creatures vanquished

Notes
Turn   | Place    | Note
-------+----------+-------------------------------------------
     0 | D:1      | HessuHobo the Draconian Transmuter began the quest for the Orb.
     0 | D:1      | Reached XP level 1. HP: 16/16 MP: 3/3
   438 | D:1      | Reached XP level 2. HP: 9/23 MP: 3/5
  1079 | D:1      | Reached XP level 3. HP: 16/28 MP: 6/6
  1224 | D:1      | Learned a level 2 spell: Sticks to Snakes
  1385 | D:2      | Found an iron altar of Okawaru.
  1387 | D:2      | Found a bloodstained altar of Trog.
  1754 | D:2      | Reached XP level 4. HP: 30/36 MP: 5/7
  2064 | D:2      | Found a burning altar of Makhleb.
  2353 | D:2      | Reached skill level 4 in Unarmed Combat
  2475 | D:2      | Became a worshipper of Warmaster Okawaru
  3007 | D:3      | Gained mutation: Your magical capacity is low. (-10% MP) [potion of mutation]
  3007 | D:3      | Gained mutation: You are occasionally teleported next to monsters. [potion of mutation]
  3007 | D:3      | Gained mutation: You are sometimes teleported next to monsters. [potion of mutation]
  3007 | D:3      | Gained mutation: You possess an exceptional clarity of mind. [potion of mutation]
  3210 | D:3      | Noticed Natasha
  3219 | D:3      | Killed Natasha
  3219 | D:3      | Reached XP level 5. HP: 28/41 MP: 5/7
  3269 | D:3      | Noticed endorz's ghost (amateur MfGl)
  3273 | D:3      | Noticed Natasha
  3275 | D:3      | Slain by endorz's ghost

Skill      XL: |  1  2  3  4 |
---------------+-------------+-----
Dodging        | 2 |  2.8
Unarmed Combat | 4 |  4.3
Fighting       | |  1.9
Stealth        | |  0.6
Spellcasting   | |  2.3
Transmutations | |  2.6

Action                   |  1- 3 |  4- 6 || total
-------------------------+-------+-------++-------
Melee: Unarmed           |   153 |   133 ||   286
       Headbutt          |     5 |     3 ||     8
       Tailslap          |    10 |    12 ||    22
       Kick              |     6 |       ||     6
       Punch             |       |     2 ||     2
 Cast: Beastly Appendage |     6 |     5 ||    11
       Sticks to Snakes  |     3 |     6 ||     9
  Use: Scroll            |       |     8 ||     8
       Potion            |       |     7 ||     7
 Stab: Distracted        |       |     1 ||     1
       Sleeping          |       |     1 ||     1
  Eat: Chunk             |     2 |     3 ||     5
       Bread ration      |       |     1 ||     1
Armor: Skin              |    73 |    69 ||   142
Dodge: Dodged            |   129 |    91 ||   220
